 Dungeon Crawl Stone Soup version 0.26-a0-394-g0b5ff556b1 (webtiles) character file.

Game seed: 14657724995725260771

7681 BeastOfSaturn the Carver (level 11, -5/86 HPs)
             Began as a Demonspawn Warper on July 23, 2020.
             Was a Priest of Qazlal.
             Slain by a cane toad (13 damage)
             ... on level 1 of the Lair of Beasts.
             The game lasted 00:28:12 (13345 turns).

BeastOfSaturn the Carver (Demonspawn Warper)       Turns: 13345, Time: 00:28:13

Health: -5/86      AC: 39    Str: 13    XL:     11   Next: 0%
Magic:  18/18      EV:  4    Int: 23    God:    Qazlal [***...]
Gold:   387        SH:  8    Dex: 12    Spells: 12/20 levels left

rFire    . . .     SeeInvis .   a - +0 falchion
rCold    . . .     Faith    .   (no shield)
rNeg     + . .     Spirit   .   B - +15 Maxwell's patent armour {-Cast -Tele rElec MR+ rCorr}
rPois    .         Reflect  +   i - +0 helmet
rElec    +         Harm     .   f - +0 cloak
rCorr    +         NoTele   +   t - +2 pair of gloves
MR       +....     NoCast   +   (boots unavailable)
Stlth    ..........             r - amulet of reflection
HPRegen  0.24/turn              j - ring of positive energy
MPRegen  0.16/turn              l - +6 ring of intelligence

@: mighty, sanguine armour
A: hooves 3, foul stench 2, powered by pain 1, rot immunity, sanguine armour 1
a: Upheaval, Elemental Force, Renounce Religion


You were on level 1 of the Lair of Beasts.
You worshipped Qazlal.
Qazlal was most pleased with you.
You visited 3 branches of the dungeon, and saw 12 of its levels.

You collected 574 gold pieces.
You spent 187 gold pieces at shops.

Inventory:

Hand Weapons
 a - a +0 falchion (weapon)
 G - a +0 dire flail of draining
Missiles
 e - 4 boomerangs of dispersal (quivered)
 x - a throwing net
 J - 3 boomerangs
Armour
 b - a +0 leather armour
 f - a +0 cloak (worn)
 i - a +0 helmet (worn)
 o - a +0 chain mail
 t - a +2 pair of gloves (worn)
 B - the +15 Maxwell's patent armour (worn) {-Cast -Tele rElec MR+ rCorr}
   (You found it on level 5 of the Dungeon)

   It insulates you from electricity.
   It affects your resistance to hostile enchantments.
   It prevents spellcasting.
   It prevents most forms of teleportation.
   It provides partial protection from all sources of acid and corrosion.
Jewellery
 j - a ring of positive energy (left hand)
 l - a +6 ring of intelligence (right hand)
 r - an amulet of reflection (around neck)
 u - an uncursed ring of protection from cold
 D - an uncursed ring of magical power
Wands
 g - a wand of disintegration (15)
 s - a wand of acid (10)
 I - a wand of iceblast (13)
 N - a wand of flame (15)
Scrolls
 c - 9 scrolls of teleportation
 d - a scroll of blinking
 p - 2 scrolls of fear
 v - 2 scrolls of remove curse
 y - 4 scrolls of amnesia
 A - 2 scrolls of identify
 P - a scroll of fog
Potions
 h - 3 potions of mutation
 k - a potion of haste
 m - a potion of flight
 n - a potion of cancellation
 q - 2 potions of heal wounds
 w - a potion of curing
 z - a potion of magic
 C - a potion of degeneration {unknown}
 E - 2 potions of berserk rage
 F - a potion of resistance {unknown}
 H - 2 potions of brilliance


   Skills:
 * Level 7.8 Fighting
 * Level 11.1 Long Blades
 - Level 0.8 Throwing
 * Level 6.0 Armour
 - Level 2.0 Dodging
 * Level 5.2 Spellcasting
 - Level 2.0 Conjurations
 - Level 3.0 Translocations
 - Level 2.0 Air Magic


You had 12 spell levels left.
You knew the following spells:

 Your Spells              Type           Power        Failure   Level
a - Blink                 Tloc           N/A          98%         2
b - Confusing Touch       Hex            #.......     100%        3
c - Mephitic Cloud        Conj/Pois/Air  ##......     100%        3

Your spell library contained the following spells:

 Spells                   Type           Power        Failure   Level
 Magic Dart               Conj           ###.         98%         1
 Call Imp                 Summ           #.......     100%        2
 Slow                     Hex            #.......     100%        2
 Conjure Flame            Conj/Fire      ##......     100%        3
 Gell's Gravitas          Tloc           ###.......   100%        3
 Lesser Beckoning         Tloc           ###.......   100%        3
 Teleport Other           Tloc           ###.....     100%        3
 Passage of Golubria      Tloc           N/A          100%        4
 Petrify                  Tmut/Erth      #.......     100%        4
 Metabolic Englaciation   Hex/Ice        #.........   100%        5
 Yara's Violent Unravell  Hex/Tmut       #.........   100%        5


Dungeon Overview and Level Annotations

Branches:
Dungeon (10/15)            Temple (1/1) D:4            Lair (1/6) D:9
    Orc: D:9-12

Altars:
Ashenzari
Cheibriados
Dithmenos
Elyvilon
Fedhas
Gozag
Hepliaklqana
Kikubaaqudgha
Makhleb
Nemelex Xobeh
Okawaru
Qazlal
Ru
Trog
Uskayaw
Vehumet
Wu Jian
Xom
Yredelemnul
The Shining One

Shops:
D:5 }


Innate Abilities, Weirdness & Mutations

You have hooves in place of feet.
You frequently emit foul miasma when damaged in melee.
You sometimes gain a little power by taking damage.
You are immune to rotting.
When seriously injured, your bleeding wounds create armour. (AC +6)


Message History

You barely miss the cane toad.
You kick the cane toad, but do no damage.
The cane toad is almost dead.
* * * LOW HITPOINT WARNING * * *
You feel sick. The cane toad barely misses you.
You see here a cane toad corpse.
You hit the cane toad. Your kick misses the cane toad.
The cane toad is almost dead.
* * * LOW HITPOINT WARNING * * *
You feel very sick.
The cane toad stings you but does no damage.
You see here a cane toad corpse.
* * * LOW HITPOINT WARNING * * *
You feel sick.
* * * LOW HITPOINT WARNING * * *
You feel very sick.
You feel better. The cane toad stings you!
* * * LOW HITPOINT WARNING * * *
The cane toad stings you!
You die...

#. #.# .. #.## ..#
#.# ##†# #PF##
##@.# ##.# #.##
#####+ ###'.##
##..... #.....##
###......
#.....P####..'.....
#.....'.....##>....
#......#P#.###.....
#.....###### #...<.


You could see a cane toad (sick).

Vanquished Creatures
  A two-headed ogre (D:7)
  Pikel (D:5)
  A cane toad (Lair:1)
  A gargoyle (D:10)
  A troll (D:10)
  A hippogriff (D:8)
  10 yaks
  2 porcupines (D:9)
  3 orc warriors
  2 ice beasts
  A phantom (D:5)
  2 black bears (D:9)
  5 sky beasts
  A necrophage (D:10)
  5 centaurs
  4 ogres
  5 bullfrogs
  11 killer bees (D:9)
  A scorpion (D:7)
  3 howler monkeys
  A centaur zombie (D:7)
  A quasit (D:10)
  2 hounds
  4 orc priests
  A centaur skeleton (D:4)
  A jelly (D:9)
  3 orc wizards
  A bullfrog skeleton (D:7)
  3 iguanas
  6 worker ants
  A hound skeleton (D:4)
  A worker ant zombie (D:9)
  2 howler monkey zombies
  8 adders
  A shadow imp (D:9)
  3 white imps
  5 ufetubi
  2 oozes
  4 worms
  2 dart slugs
  7 leopard geckos
  33 orcs
  4 ball pythons
  5 bats
  7 giant cockroaches
  12 goblins
  8 hobgoblins
  12 jackals
  11 kobolds
  5 quokkas
  4 frilled lizards
  2 leopard gecko skeletons
  A leopard gecko zombie (D:6)
  A quokka skeleton (D:4)
  8 rats
233 creatures vanquished.

Vanquished Creatures (others)
  2 fungi (D:9)
2 creatures vanquished.

Grand Total: 235 creatures vanquished

Notes
Turn   | Place    | Note
-------+----------+-------------------------------------------
     0 | D:1      | BeastOfSaturn the Demonspawn Warper began the quest for the
                  | Orb.
     0 | D:1      | Reached XP level 1. HP: 16/16 MP: 3/3
    31 | D:1      | Reached skill level 1 in Armour
    38 | D:1      | Reached skill level 2 in Long Blades
   302 | D:1      | Gained mutation: You are immune to rotting. [demonic
                  | ancestry]
   302 | D:1      | Reached XP level 2. HP: 21/22 MP: 5/5
   707 | D:1      | Gained mutation: You may emit foul miasma when damaged in
                  | melee. [demonic ancestry]
   707 | D:1      | Reached XP level 3. HP: 20/28 MP: 6/6
  1223 | D:1      | Reached skill level 3 in Long Blades
  2399 | D:2      | Found a basalt altar of Yredelemnul.
  2401 | D:2      | Noticed a profane servitor
  2405 | D:2      | Reached XP level 4. HP: 34/34 MP: 7/7
  2418 | D:2      | Found a glowing golden altar of the Shining One.
  2946 | D:2      | Learned a level 2 spell: Blink
  2950 | D:2      | Learned a level 3 spell: Confusing Touch
  3259 | D:2      | Noticed an angel
  4351 | D:2      | Reached skill level 4 in Long Blades
  4351 | D:2      | Gained mutation: You have large cloven feet. [demonic
                  | ancestry]
  4351 | D:2      | Reached XP level 5. HP: 13/41 MP: 8/8
  4959 | D:3      | Learned a level 3 spell: Mephitic Cloud
  5279 | D:3      | Noticed an ogre
  5292 | D:3      | Killed an ogre
  5292 | D:3      | Gained mutation: You have hoof-like feet. [demonic
                  | ancestry]
  5292 | D:3      | Reached XP level 6. HP: 41/47 MP: 9/9
  5567 | D:3      | Reached skill level 5 in Long Blades
  6019 | D:4      | Found a staircase to the Ecumenical Temple.
  6054 | Temple   | Entered the Ecumenical Temple
  6334 | Temple   | Became a worshipper of Qazlal Stormbringer
  6396 | D:4      | Reached skill level 1 in Conjurations
  6573 | D:4      | Gained mutation: You frequently emit foul miasma when
                  | damaged in melee. [demonic ancestry]
  6573 | D:4      | Reached XP level 7. HP: 48/53 MP: 10/10
  6618 | D:4      | Reached skill level 1 in Air Magic
  6933 | D:5      | Entered Level 5 of the Dungeon
  6933 | D:5      | Found the +15 Maxwell's patent armour {-Cast -Tele rElec
                  | MR+ rCorr}
  7029 | D:5      | Reached skill level 6 in Long Blades
  7429 | D:5      | Found an iron altar of Okawaru.
  7462 | D:5      | Gained mutation: You have hooves in place of feet. [demonic
                  | ancestry]
  7462 | D:5      | Reached XP level 8. HP: 61/61 MP: 12/12
  7723 | D:5      | Noticed Pikel
  7779 | D:5      | Killed Pikel
  7779 | D:5      | Reached skill level 5 in Fighting
  7779 | D:5      | Reached skill level 7 in Long Blades
  8049 | D:5      | Found Egrav's Gadget Shop.
  8057 | D:5      | Bought a wand of iceblast (13) for 187 gold pieces
  8210 | D:5      | Found a shadowy altar of Dithmenos.
  8346 | D:6      | Reached skill level 8 in Long Blades
  8444 | D:6      | Reached * piety under Qazlal
  8694 | D:6      | Found a blossoming altar of Fedhas.
  8897 | D:6      | Found a glowing drain.
  8906 | D:6      | Reached XP level 9. HP: 27/69 MP: 14/14
  9359 | D:7      | Found a white marble altar of Elyvilon.
  9360 | D:7      | Found a shimmering altar of Xom.
  9361 | D:7      | Found a sparkling altar of Nemelex Xobeh.
  9520 | D:7      | Noticed a two-headed ogre
  9537 | D:7      | Killed a two-headed ogre
  9537 | D:7      | Reached skill level 9 in Long Blades
  9916 | D:7      | Found a shattered altar of Ashenzari.
 10719 | D:8      | Gained mutation: When seriously injured, your bleeding
                  | wounds create armour. (AC +6) [demonic ancestry]
 10719 | D:8      | Reached XP level 10. HP: 77/77 MP: 16/16
 11186 | D:9      | Reached ** piety under Qazlal
 11410 | D:9      | Reached skill level 10 in Long Blades
 11567 | D:9      | Found a staircase to the Lair.
 11589 | D:9      | Reached skill level 5 in Armour
 12108 | D:10     | Entered Level 10 of the Dungeon
 12126 | D:10     | Noticed a gargoyle
 12509 | D:10     | Killed a gargoyle
 12676 | D:10     | Reached skill level 5 in Spellcasting
 12716 | D:10     | Reached *** piety under Qazlal
 12725 | D:10     | Reached skill level 11 in Long Blades
 13280 | Lair:1   | Entered Level 1 of the Lair of Beasts
 13306 | Lair:1   | Noticed a cane toad
 13307 | Lair:1   | Noticed a cane toad
 13324 | Lair:1   | Killed a cane toad
 13324 | Lair:1   | Gained mutation: You sometimes gain a little power by
                  | taking damage. [demonic ancestry]
 13324 | Lair:1   | Reached XP level 11. HP: 67/86 MP: 18/18
 13345 | Lair:1   | Slain by a cane toad

Illustrated notes

Levels and vault maps discovered:
D:1:      matt_arrival_grand_opening, layout_basic
D:2:      layout_loops_ring, grunt_temple_overflow_holy_war,
          nicolae_overflow_hidden_temple, minmay_3d_cube
D:3:      layout_rooms, minmay_pentangle
D:4:      layout_gridville, minmay_temple_entry_purple_smoke
D:5:      layout_loops_ring, grunt_dithmenos_shadows, serial_shops, shop,
          basic_altar, kennysheep_generic_room_13, uniq_pikel
D:6:      layout_rooms, fedhas_altar_fruit_tree, cheibrodos_sewer_entry_bend
D:7:      layout_loops_corners, nicolae_overflow_quartered_altars, st_stairs_10,
          minmay_misc_feat_chi, minivault_19
D:8:      layout_loops_cross, kennysheep_potato
D:9:      layout_roguey, grunt_lair_entry_orc_guard_hut
D:10:     layout_cave_pools
Temple:   minmay_temple_curvy_loop
Lair:1:   layout_roguey, serial_bayou_shore_b

Skill      XL: |  1  2  3  4  5  6  7  8  9 10 |
---------------+-------------------------------+-----
Armour         | 1 2 4 6 |  6.0
Long Blades    | 2 3 4 5 6 8 9 11 | 11.1
Dodging        | 2 |  2.0
Fighting       | 3 4 5 6 7 |  7.8
Translocations | 3 |  3.0
Conjurations   | 1 2 |  2.0
Air Magic      | 1 2 |  2.0
Spellcasting   | 3 4 5 |  5.2
Throwing       | |  0.8

Action                   |  1- 3 |  4- 6 |  7- 9 | 10-12 || total
-------------------------+-------+-------+-------+-------++-------
Melee: Falchion          |   185 |   269 |   432 |   446 ||  1332
       Kick              |       |    28 |   118 |   103 ||   249
Throw: Boomerang         |       |     1 |       |       ||     1
  Use: Scroll            |     2 |     4 |     9 |     7 ||    22
       Potion            |       |     1 |       |     1 ||     2
Armor: Leather armour    |    41 |    49 |       |       ||    90
       Skin              |       |     8 |       |       ||     8
       Plate armour      |       |       |   321 |   342 ||   663
Dodge: Dodged            |   112 |   176 |    68 |    70 ||   426
Block: Other             |       |    51 |   118 |   190 ||   359
       Reflection        |       |       |       |     6 ||     6
       Rpst.: Falchion   |    39 |    52 |    25 |    17 ||   133

Table legend: (Time is in decaauts)
 A = Elapsed time spent in this place.
 B = Non-inter-level travel time spent in this place.
 C = Inter-level travel time spent in this place.
 D = Time resting spent in this place.
 E = Time spent auto-exploring this place.
 F = Levels seen in this place.
 G = Mean time per level.
                   A        B        C        D        E       F      G
               +--------+--------+--------+--------+--------+-----+--------+
         Total |  13278 |  12827 |    451 |   3681 |   6297 |  12 | 1106.5 |
       Dungeon |  12912 |  12589 |    323 |   3681 |   6132 |  10 | 1291.2 |
        Temple |    309 |    181 |    128 |      0 |    165 |   1 |  309.0 |
          Lair |     56 |     56 |      0 |      0 |      0 |   1 |   56.0 |
               +--------+--------+--------+--------+--------+-----+--------+

Top non-repeatable levels by time:
     D:2: 2829 daAuts
     D:1: 1643 daAuts
     D:3: 1574 daAuts
     D:5: 1462 daAuts
     D:9: 1277 daAuts
     D:7: 975 daAuts
     D:6: 898 daAuts
     D:8: 847 daAuts
    D:10: 767 daAuts
     D:4: 637 daAuts
  Temple: 309 daAuts
  Lair:1: 56 daAuts
